 Dungeon Crawl Stone Soup version 0.30-a0-629-gd54f4be4f7 (webtiles) character file.

Game seed: 12794551030850582213

98 Mitcholas the Shooter (level 4, 0/26 HPs)
             Began as a Deep Elf Hunter on Jan 12, 2023.
             Slain by Pargi (1 damage)
             ... in a sewer.
             The game lasted 00:03:10 (1853 turns).

Mitcholas the Shooter (Deep Elf Hunter)             Turns: 1853, Time: 00:03:10

Health: 0/26       AC:  3    Str:  8    XL:     4   Next: 44%
Magic:  6/6        EV: 13    Int: 14    God:
Gold:   99         SH:  0    Dex: 20    Spells: 3/3 levels left

rFire   . . .      SeeInvis .    a - +0 shortbow
rCold   . . .      Faith    .    (shield currently unavailable)
rNeg    + . .      Spirit   .    c - +0 leather armour
rPois   .          Reflect  .    (no helmet)
rElec   .          Harm     .    (no cloak)
rCorr   .          Rampage  .    (no gloves)
Will    .....                    (no boots)
Stlth   ++                       (no amulet)
HPRegen 0.24/turn                g - ring of positive energy
MPRegen 0.10/turn                (no ring)

@: no status effects
A: no striking features
a: no special abilities


You were in a sewer.
You visited 1 branch of the dungeon, and saw 3 of its levels.
You also visited: Sewer.

You collected 99 gold pieces.

Inventory:

Hand Weapons
 a - a +0 shortbow (weapon)
Armour
 c - a +0 leather armour (worn)
Jewellery
 g - a ring of positive energy (left hand)
Scrolls
 b - a scroll of immolation
 h - 2 scrolls of identify {unknown}
 i - a scroll of fog {unknown}
 j - a scroll of poison {unknown}
 l - a scroll of enchant armour {unknown}
 m - a scroll of teleportation {unknown}
Potions
 d - 3 potions of brilliance {unknown}
 e - 2 potions of curing
 k - a potion of berserk rage {unknown}
 n - a potion of might {unknown}
 o - a potion of magic {unknown}
 p - 2 potions of heal wounds {unknown}


   Skills:
 + Level 2.0 Fighting
 * Level 6.3 Ranged Weapons
 + Level 1.0 Armour
 + Level 3.3 Dodging
 + Level 2.5 Stealth


You had 3 spell levels left.
You didn't know any spells.
Your spell library contained the following spells:

 Spells                   Type           Power      Damage    Failure   Level
 Sting                    Tmut/Pois      0%         1d3       38%         1
 Poisonous Vapours        Pois/Air       0%         N/A       52%         2
 Ignite Poison            Fire/Tmut/Pois 0%         N/A       77%         3
 Inner Flame              Hex/Fire       0%         N/A       77%         3
 Kindle Blastsparks       Fire/Tloc/Air  0%         2d10      77%         3
 Flame Wave               Conj/Fire      0%         2d4       99%         4
 Olgreb's Toxic Radiance  Pois           0%         N/A       99%         4
 Sticky Flame             Conj/Fire      0%         2d3       99%         4
 Freezing Cloud           Conj/Ice/Air   0%         6-21      100%        5


Dungeon Overview and Level Annotations

Branches:
Dungeon (3/15)              Sewer (1/1)

Altars:

Annotations:
Sewer Pargi


Message History

Press: ? - help, Q - select action Shift-Dir - straight line, f/p - Pargi
Aim: Pargi (lightly wounded, 60% to hit)
You shoot an arrow. The arrow hits Pargi!
Pargi is heavily wounded.
Pargi bites you. Pargi claws you. x2
Fire: a) +0 shortbow
Press: ? - help, Q - select action Shift-Dir - straight line, f/p - Pargi
Aim: Pargi (heavily wounded, 60% to hit)
You shoot an arrow. The arrow barely misses Pargi.
Pargi barely misses you. x2; Pargi claws you.
Fire: a) +0 shortbow
Press: ? - help, Q - select action Shift-Dir - straight line, f/p - Pargi
Aim: Pargi (moderately wounded, 60% to hit)
You shoot an arrow. The arrow hits Pargi.
Pargi is heavily wounded.
Pargi bites you. Pargi claws you but does no damage. x2
Fire: a) +0 shortbow
Press: ? - help, Q - select action Shift-Dir - straight line, f/p - Pargi
Aim: Pargi (heavily wounded, 60% to hit)
You shoot an arrow. The arrow hits Pargi!
Pargi is severely wounded.
Pargi misses you. Pargi completely misses you. Pargi misses you.
Fire: a) +0 shortbow
Press: ? - help, Q - select action Shift-Dir - straight line, f/p - Pargi
Aim: Pargi (severely wounded, 60% to hit)
You shoot an arrow. The arrow closely misses Pargi.
Pargi bites you. Pargi claws you. x2
* * * LOW HITPOINT WARNING * * *
Pargi bites you.
* * * LOW HITPOINT WARNING * * *
Pargi misses you. Pargi closely misses you.
Fire: a) +0 shortbow
Press: ? - help, Q - select action Shift-Dir - straight line, f/p - Pargi
Aim: Pargi (severely wounded, 60% to hit)
You shoot an arrow. The arrow hits Pargi!
Pargi is almost dead.
Pargi bites you.
* * * LOW HITPOINT WARNING * * *
Pargi claws you.
You die...

## ################ #)
#.##.##.##.##.## #.
#.##)##.##.##.##
#T##'##'##'##'##'##
#.@................
~~~~~#~~~~~~~~~.~~~~~~~~
≈≈≈≈≈#≈≈≈≈≈≈≈≈≈∩≈≈≈≈≈≈≈≈
~~~~~#~~~~~~~~~.~~~~~~~~
######..................
#+##+##+##.##+##+## #.#
#∩# ###


You could see Pargi.

Vanquished Creatures
  Terence (D:2)
  2 adders
  2 worms (D:2)
  A dart slug (D:2)
  2 bats
  4 endoplasms
  7 giant cockroaches
  8 goblins
  2 hobgoblins
  4 kobolds
  A ball python (D:1)
  3 frilled lizards
  9 rats
46 creatures vanquished.

Notes
Turn   | Place    | Note
-------+----------+-------------------------------------------
     0 | D:1      | Mitcholas the Deep Elf Hunter began the quest for the Orb.
     0 | D:1      | Reached XP level 1. HP: 12/12 MP: 3/3
   143 | D:1      | Reached XP level 2. HP: 17/17 MP: 4/4
   838 | D:2      | Reached XP level 3. HP: 21/21 MP: 5/5
   848 | D:2      | Noticed Terence
   855 | D:2      | Killed Terence
   856 | D:2      | Reached skill level 6 in Ranged Weapons
  1176 | D:2      | Reached XP level 4. HP: 26/26 MP: 6/6
  1220 | D:2      | Reached skill level 1 in Armour
  1716 | D:3      | Identified the +1 robe of Qazlal's Grace {rC+ Str+3}
  1764 | D:3      | Found a glowing drain.
  1777 | Sewer    | Entered a sewer
  1843 | Sewer    | Noticed Pargi
  1853 | Sewer    | HP: 1/26 [Pargi (4)]
  1853 | Sewer    | Slain by Pargi

Illustrated notes

Levels and vault maps discovered:
D:1:      eino_arrival_cavern_b, layout_loops_ring, hex_tiny,
          roderic_roman_lattice, kennysheep_decorative_pillar
D:2:      layout_basic, nicolae_kite_square_tiling_tiny, grunt_ministairs_13,
          minivault_24, kennysheep_another_room, uniq_terence
D:3:      layout_rooms, yredelemnul_forgotten_temple_becter,
          gup_sewer_entry_bubbles, hangedman_abyss_or_decor_lesser_grid
Sewer:    kennysheep_door_sewer

Skill      XL: |  1  2  3  4 |
---------------+-------------+-----
Fighting       | 2 |  2.0
Ranged Weapons | 6 |  6.3
Dodging        | 3 |  3.3
Stealth        | 2 |  2.5
Armour         | 1 |  1.0

Action                   |  1- 3 |  4- 6 || total
-------------------------+-------+-------++-------
 Fire: Shortbow          |    64 |    69 ||   133
  Use: Potion            |       |     2 ||     2
Armor: Leather armour    |     5 |     9 ||    14
Dodge: Dodged            |     6 |    32 ||    38

Table legend: (Time is in decaauts)
 A = Elapsed time spent in this place.
 B = Non-inter-level travel time spent in this place.
 C = Inter-level travel time spent in this place.
 D = Time resting spent in this place.
 E = Time spent auto-exploring this place.
 F = Levels seen in this place.
 G = Mean time per level.
                   A        B        C        D        E       F      G
               +--------+--------+--------+--------+--------+-----+--------+
         Total |   1899 |   1831 |     68 |      0 |   1507 |   4 |  474.8 |
       Dungeon |   1820 |   1752 |     68 |      0 |   1455 |   3 |  606.7 |
         Sewer |     79 |     79 |      0 |      0 |     52 |   1 |   79.0 |
               +--------+--------+--------+--------+--------+-----+--------+

Top non-repeatable levels by time:
     D:2: 828 daAuts
     D:1: 693 daAuts
     D:3: 299 daAuts
   Sewer: 79 daAuts
